 Dungeon Crawl Stone Soup version 0.28-a0-1389-gc726bef33b (webtiles) character file.

Game seed: 8822110408673718727

152 fragbeetle the Cudgeller (level 5, 0/53 HPs)
             Began as a Troll Berserker on Jan 4, 2022.
             Was a Believer of Trog.
             Slain by a gnoll (4 damage)
             ... on level 3 of the Dungeon.
             The game lasted 00:05:16 (2336 turns).

fragbeetle the Cudgeller (Troll Berserker)          Turns: 2336, Time: 00:05:17

Health: 0/53       AC:  4    Str: 25    XL:     5   Next: 11%
Magic:  4/4        EV: 10    Int: 11    God:    Trog [**....]
Gold:   173        SH:  0    Dex:  9    Spells: 4/4 levels left

rFire   . . .      SeeInvis .   g - +1 flail (holy)
rCold   . . .      Faith    .   (no shield)
rNeg    . . .      Spirit   .   b - +0 animal skin
rPois   .          Reflect  .   (helmet restricted)
rElec   .          Harm     .   (no cloak)
rCorr   .          Rampage  .   (gloves unavailable)
Will    .....                   (boots unavailable)
Stlth   +.........              (no amulet)
HPRegen 0.97/turn               i - +6 ring of intelligence
MPRegen 0.09/turn               (no ring)

@: no status effects
A: large, unfitting armour, claws 3, regeneration 1, shaggy fur 1, tough skin 1
a: Renounce Religion, Berserk, Trog's Hand


You were on level 3 of the Dungeon.
You worshipped Trog.
Trog was pleased with you.
You visited 1 branch of the dungeon, and saw 3 of its levels.

You collected 173 gold pieces.

Inventory:

Hand Weapons
 g - a +1 flail of holy wrath (weapon)
 r - a +0 giant spiked club
Missiles
 c - 46 stones
 d - 8 poisoned darts (quivered)
Armour
 b - a +0 animal skin (worn)
 h - a +0 kite shield
Jewellery
 i - a +6 ring of intelligence (left claw)
 p - a ring of positive energy
Scrolls
 e - a scroll of teleportation {unknown}
 f - 4 scrolls of identify {unknown}
 j - 2 scrolls of enchant weapon {unknown}
 o - a scroll of acquirement {unknown}
Potions
 a - a potion of attraction {unknown}
 k - a potion of mutation {unknown}
 l - a potion of heal wounds {unknown}
 m - 2 potions of curing {unknown}
 n - a potion of haste {unknown}
 q - a potion of flight {unknown}


   Skills:
 + Level 3.1 Fighting
 * Level 3.9 Maces & Flails
 + Level 1.6 Throwing
 + Level 3.1 Dodging


You had 4 spell levels left.
You didn't know any spells.
Your spell library was empty.

Dungeon Overview and Level Annotations

Branches:
Dungeon (3/15)

Altars:

Shops:
D:1 =   D:3 ?


Innate Abilities, Weirdness & Mutations

You are too large for most types of armour.
You have claws for hands.
Your natural rate of healing is unusually fast.
You are covered in fur. (AC +1)
You have tough skin. (AC +1)


Message History

You see here a giant cockroach corpse.
As you open the door, it creaks loudly!
There is an open door here.
There is an open door here.
You now have 173 gold pieces (gained 7).
A gnoll comes into view. It is wielding a +0 club.
The gnoll shouts!
You hear a shout!
A gnoll comes into view. It is wielding a +0 halberd.
The gnoll closely misses you.
You hit the gnoll.
The gnoll is moderately wounded.
The gnoll closely misses you. x2
The gnoll hits you from afar with a +0 halberd!
You hit the gnoll.
The gnoll is heavily wounded.
The gnoll hits you with a +0 club. The gnoll barely misses you.
You hit the gnoll.
The gnoll is heavily wounded.
A gnoll comes into view. It is wielding a +0 club.
The gnoll hits you with a +0 club. The gnoll closely misses you.
The gnoll barely misses you.
The gnoll shouts!
You hit the gnoll.
The gnoll is almost dead.
The gnoll hits you from afar with a +0 halberd.
The gnoll closely misses you.
You closely miss the gnoll.
The gnoll is almost dead.
The gnoll hits you from afar with a +0 halberd!
The gnoll barely misses you.
You barely miss the gnoll.
The gnoll is almost dead.
The gnoll hits you from afar with a +0 halberd!
The gnoll hits you from afar with a +0 halberd.
* * * LOW HITPOINT WARNING * * *
You closely miss the gnoll.
The gnoll hits you from afar with a +0 halberd!
* * * LOW HITPOINT WARNING * * *
The gnoll hits you with a +0 club.
You die...

#.###.##.###.......###
#.###.##.# ##.....##
#........# ##...##
#####.#### ##'## #.#
#.# #.# #.# #####.###
##.###### #..g....#
##........ #.###@#.#
#.....#### #g#.#
##....#### #g# #
##.#.##.. #..
.######.##.# ...
..)........# ####
#######..... ######


You could see 3 gnolls.

Vanquished Creatures
  An ogre (D:3)
  4 worms
  A dart slug (D:1)
  3 endoplasms
  6 giant cockroaches
  5 goblins
  6 hobgoblins
  4 jackals (D:1)
  5 quokkas
  2 bats
  5 frilled lizards
  3 kobolds (D:1)
  4 rats
49 creatures vanquished.

Notes
Turn   | Place    | Note
-------+----------+-------------------------------------------
     0 | D:1      | fragbeetle the Troll Berserker began the quest for the Orb.
     0 | D:1      | Reached XP level 1. HP: 22/22 MP: 0/0
     6 | D:1      | Noticed a komodo dragon
     6 | D:1      | Noticed a salamander
     7 | D:1      | Noticed a hound
     7 | D:1      | Noticed a polar bear
    27 | D:1      | Found a faded altar of an unknown god.
    51 | D:1      | Found Couxzuin's Jewellery Shop.
   120 | D:1      | Reached XP level 2. HP: 26/29 MP: 1/1
   751 | D:1      | Reached XP level 3. HP: 36/36 MP: 2/2
  1090 | D:2      | Reached ** piety under Trog
  1816 | D:3      | Reached skill level 1 in Throwing
  1830 | D:3      | Found Rotaex's Magic Scroll Emporium.
  2050 | D:3      | Noticed an ogre
  2131 | D:3      | Killed an ogre
  2132 | D:3      | Reached XP level 4. HP: 17/45 MP: 3/3
  2132 | D:3      | Reached XP level 5. HP: 20/53 MP: 4/4
  2336 | D:3      | Slain by a gnoll

Illustrated notes

Levels and vault maps discovered:
D:1:      onia_arrival_zoo_common, layout_rooms, serial_shops, shop,
          serial_co_window_serial, co_window_of_opportunity_a,
          co_window_paths_a, co_window_paths_a, co_window_of_opportunity_a,
          co_window_paths_a, co_window_corner_a, co_window_paths_a,
          co_window_broadway_b, co_window_unsneaky_path_a,
          co_window_unsneaky_path_a, co_window_corner_ca, co_window_2corner,
          co_window_corner_cb, co_window_broadway_a, glass_columns_a,
          glass_columns_a, glass_columns_c, glass_columns_a,
          dreamdust_ecumenical_altar_hidden_monk_grotto
D:2:      layout_loops_cross
D:3:      layout_loops_corners, serial_shops, shop

Skill      XL: |  1  2  3 |
---------------+----------+-----
Maces & Flails | 3 |  3.9
Throwing       | 1 |  1.6
Fighting       | 3 |  3.1
Dodging        | 3 |  3.1

Action                   |  1- 3 |  4- 6 || total
-------------------------+-------+-------++-------
Melee: Mace              |    80 |       ||    80
       Flail             |    76 |    16 ||    92
Throw: Dart              |     7 |       ||     7
Invok: Trog's Hand       |     1 |       ||     1
Armor: Animal skin       |    53 |     5 ||    58
Dodge: Dodged            |    74 |    12 ||    86

Table legend: (Time is in decaauts)
 A = Elapsed time spent in this place.
 B = Non-inter-level travel time spent in this place.
 C = Inter-level travel time spent in this place.
 D = Time resting spent in this place.
 E = Time spent auto-exploring this place.
 F = Levels seen in this place.
 G = Mean time per level.
                   A        B        C        D        E       F      G
               +--------+--------+--------+--------+--------+-----+--------+
         Total |   2375 |   2316 |     59 |      4 |   1718 |   3 |  791.7 |
       Dungeon |   2375 |   2316 |     59 |      4 |   1718 |   3 |  791.7 |
               +--------+--------+--------+--------+--------+-----+--------+

Top non-repeatable levels by time:
     D:1: 957 daAuts
     D:3: 796 daAuts
     D:2: 621 daAuts
